Map: Acropolis LE

Players

pHARM

  • Race: Zerg Zerg
  • League: Platinum
  • Spawn Location: 5:00

MiniWilshire - Winner!

  • Race: Terran Terran
  • League: Platinum
  • Spawn Location: 11:00

VOD

Have the link to the VOD?

Description

Time

  • Played on: Aug. 25, 2019, 3:53 p.m.
  • Length: 9:04
Show
View Real Time Build Order
Export as new Build Order

pHARM Zerg 

Build Orders: Hatch First 

Get SALT Encoding   

  12  0:01  Drone  
  13  0:12  Overlord  
  13  0:19  Drone  
  14  0:32  Drone x2  
  16  0:45  Drone  
  17  0:56  Drone  
  18  0:57  Hatchery  
  17  1:04  Drone  
  18  1:13  Drone  
  19  1:19  Spawning Pool  
  18  1:29  Drone x2  
  20  1:36  Extractor  
  19  1:42  Drone  
  20  1:51  Overlord  
  20  2:07  Drone  
  21  2:10  Queen, Drone  
  21  2:11  Queen  
  26  2:17  Overlord  
  23  2:51  Queen  
  23  2:53  Metabolic Boost  
  23  2:55  Drone  
  23  2:56  Drone x5  
  31  3:07  Drone x2  
  33  3:18  Drone  
  34  3:25  Drone  
  35  3:37  Overlord  
  35  3:40  Drone  
  36  3:43  Extractor  
  36  3:46  Drone  
  36  3:47  Extractor  
  36  3:48  Drone  
  35  3:57  Zergling x6  
  35  3:59  Drone x2  
  40  4:07  Drone x3  
  44  4:11  Lair  
  44  4:22  Overlord x2  
  44  4:36  Overlord x2  
  44  4:40  Queen  
  46  4:50  Drone  
  46  4:51  Drone x7  
  54  4:58  Extractor  
  53  5:02  Evolution Chamber  
  53  5:03  Roach Warren  
  51  5:10  Baneling Nest  
  50  5:19  Nydus Network, Zergling x4  
  50  5:20  Zergling x4  
  53  5:21  Hatchery  
  53  5:27  Drone x3  
  55  5:30  Zerg Melee Weapons Level 1  
  55  5:35  Zergling x10  
  60  5:47  Zergling x6  
  63  5:56  Zergling x2  
  65  5:57  Zergling x6  
  67  6:07  Overlord x2  
  58  6:32  Nydus Canal  
  57  6:36  Drone x4  
  57  6:37  Drone x7  
  58  6:58  Drone x3  
  50  7:19  Drone  
  50  7:22  Zergling x8  
  55  7:34  Drone x5  
  55  7:35  Centrifical Hooks  
  60  7:43  Queen x3  
  54  8:18  Spore Crawler  
  54  8:19  Spore Crawler, Queen x3  
  49  8:36  Baneling x14  
  48  8:48  Spore Crawler  
Show
View Real Time Build Order
Export as new Build Order

MiniWilshire Terran - Winner!

Build Orders: Reaper Expand 

Get SALT Encoding   

  12  0:00  SCV  
  13  0:13  SCV  
  14  0:17  Supply Depot  
  14  0:25  SCV  
  15  0:38  SCV  
  15  0:40  Barracks  
  16  0:44  Refinery  
  16  0:50  SCV  
  17  1:03  SCV  
  18  1:15  SCV  
  19  1:27  Orbital Command  
  19  1:29  Reaper  
  20  1:39  Command Center  
  20  1:48  Refinery  
  20  1:55  SCV  
  20  1:57  Supply Depot  
  21  2:04  Barracks Reactor  
  21  2:08  SCV  
  22  2:20  SCV  
  23  2:25  Factory  
  23  2:32  SCV  
  24  2:42  Marine x2  
  27  2:44  SCV  
  27  2:54  Orbital Command  
  27  2:56  SCV  
  28  3:00  Marine  
  28  3:01  Marine  
  30  3:08  SCV, Supply Depot  
  30  3:10  Starport  
  31  3:18  Marine  
  32  3:20  SCV  
  33  3:29  SCV  
  33  3:32  Marine, SCV  
  33  3:33  Factory Tech Lab  
  36  3:36  Marine  
  37  3:41  SCV  
  37  3:43  Bunker  
  37  3:44  SCV  
  39  3:53  SCV  
  40  3:56  SCV  
  40  3:58  Marine x2  
  40  4:02  Fusion Core  
  43  4:06  SCV  
  43  4:08  SCV  
  43  4:09  Factory Tech Lab  
  45  4:16  Marine x2  
  47  4:18  SCV  
  47  4:20  Supply Depot  
  47  4:21  SCV  
  47  4:24  Supply Depot  
  49  4:30  SCV  
  50  4:33  SCV  
  50  4:34  Marine x2  
  50  4:36  Barracks  
  53  4:39  Barracks  
  53  4:42  SCV  
  53  4:45  SCV  
  55  4:50  Battlecruiser  
  55  4:51  Marine x2  
  63  4:53  Weapon Refit  
  63  4:54  SCV  
  63  4:57  SCV  
  64  5:03  Supply Depot x2  
  64  5:05  Refinery  
  64  5:06  SCV  
  65  5:09  Marine, SCV  
  67  5:17  Marine  
  67  5:18  SCV  
  69  5:21  SCV  
  69  5:25  Siege Tank, Supply Depot  
  69  5:27  Marine, Supply Depot  
  74  5:28  Marine  
  74  5:30  Barracks Tech Lab  
  75  5:36  Marine  
  75  5:38  Refinery  
  75  5:41  SCV x2  
  78  5:45  Marine  
  78  5:46  Marine, Supply Depot  
  78  5:47  Supply Depot  
  80  5:53  SCV  
  80  5:54  Marine  
  82  5:58  SCV  
  82  6:01  Marine  
  82  6:03  Marine  
  85  6:04  Battlecruiser  
  85  6:05  SCV  
  85  6:10  SCV  
  93  6:16  Command Center  
  93  6:17  SCV  
  94  6:21  Supply Depot  
  94  6:22  SCV, Supply Depot x2  
  95  6:29  SCV  
  95  6:30  Marine x2  
  98  6:34  SCV  
  99  6:48  Marine x2  
  99  6:49  Marine x2  
  97  7:06  Marine x2  
  97  7:07  Marine  
  99  7:11  SCV x2  
  100  7:23  SCV x2, Stimpack, Barracks Reactor  
  100  7:24  Marine x3  
  100  7:27  Siege Tank  
  108  7:31  Battlecruiser  
  114  7:37  SCV  
  114  7:42  Marine x3, Orbital Command  
  118  7:59  Engineering Bay  
  118  8:00  Marine x3, Engineering Bay  
  121  8:09  Marine x2, SCV x2  
  125  8:16  Siege Tank  
  125  8:17  Marine  
  125  8:18  Marine x2  
  131  8:27  Marine x2  
  131  8:33  Orbital Command  
  132  8:35  Marine  
  132  8:37  Marine x2, SCV x2  
  143  8:43  Barracks  
  143  8:44  Barracks  
  143  8:45  Marine x2  
  145  8:52  SCV x2  
Tags
 
Add a new tag
Caveats
  • Supply blocks, unpowered buildings, or Contaminate may cause inaccurate times.
  • Supply counts are checked every 10 seconds.